 Dungeon Crawl Stone Soup version 0.25-a0-287-g56a5b49892 (webtiles) character file.

Game seed: 18390751064886766224, levelgen mode: deterministic

13890 Gargoyl the Envoy of Void (level 11, -5/100 HPs)
             Began as a Centaur Abyssal Knight on Dec 12, 2019.
             Was a High Priest of Lugonu.
             Slain by a spectral orc warrior
             ... wielding a +0 halberd
             ... summoned by Nergalle
              (10 damage)
             ... on level 4 of the Lair of Beasts.
             The game lasted 00:29:48 (24309 turns).

Gargoyl the Envoy of Void (Centaur Abyssal Knight) Turns: 24309, Time: 00:29:49

Health: -5/100     AC: 11    Str: 17    XL:     11   Next: 81%
Magic:  17/17      EV:  5    Int: 14    God:    Lugonu [*****.]
Gold:   727        SH: 11    Dex: 12    Spells: 10/10 levels left

rFire    . . .     SeeInvis .   v - +1 war axe (freeze)
rCold    + . .     Gourm    .   h - +2 shield
rNeg     . . .     Faith    .   o - +1 scale mail "Fagacae" {rPois Int+3 Dex+2}
rPois    +         Spirit   .   e - +2 helmet
rElec    .         Reflect  .   (no cloak)
rCorr    +         Harm     .   (no gloves)
MR       +....     Rnd*Rage +   (no barding)
Stlth    ..........             g - amulet of the acrobat
HPRegen  0.26/turn              k - ring of resist corrosion
MPRegen  0.15/turn              x - ring of protection from magic

@: heavily drained, very quick
A: large, hooves 3, berserk 1, cold resistance 1, deformed body, speed 2, robust
1, tough skin 3
a: Depart the Abyss, Bend Space, Banish, Corrupt, Enter the Abyss, Renounce
Religion


You were on level 4 of the Lair of Beasts.
You worshipped Lugonu.
Lugonu was extremely pleased with you.
You were near starving.

You visited 2 branches of the dungeon, and saw 13 of its levels.
You visited the Abyss 1 time.
You also visited: Ossuary.

You collected 727 gold pieces.

Inventory:

Hand Weapons
 i - a +4 war axe
 v - a +1 war axe of freezing (weapon)
Missiles
 t - 5 boomerangs (quivered)
Armour
 e - a +2 helmet (worn)
 h - a +2 shield (worn)
 o - the +1 scale mail "Fagacae" (worn) {rPois Int+3 Dex+2}
   (You found it on level 4 of the Dungeon)

   It affects your intelligence (+3).
   It affects your dexterity (+2).
   It protects you from poison.
Jewellery
 g - an amulet of the acrobat (around neck)
 k - a ring of resist corrosion (left hand)
 x - a ring of protection from magic (right hand)
Wands
 b - a wand of iceblast (17)
 l - a wand of acid (17)
 n - a wand of disintegration (4)
 p - a wand of clouds (2)
 u - a wand of flame (9)
 B - a wand of digging (12)
Scrolls
 d - a scroll of magic mapping
 f - 14 scrolls of identify
 m - 4 scrolls of teleportation
 q - 7 scrolls of remove curse
 w - a scroll of fog
Potions
 a - 2 potions of brilliance
 j - 4 potions of flight
 r - a potion of cancellation
 s - 2 potions of might
 z - a potion of curing
Comestibles
 c - 25 rations


   Skills:
 + Level 6.5(3.9) Fighting
 + Level 8.7(6.0) Axes
 + Level 2.0(0.0) Throwing
 * Level 8.0(5.3) Armour
 + Level 2.5(0.3) Dodging
 * Level 6.2(3.6) Shields
 * Level 9.1(6.3) Invocations
 + Level 1.0(0.0) Evocations


You had 10 spell levels left.
You didn't know any spells.
Your spell library contained the following spells:

 Spells                   Type           Power        Failure   Level  Hunger
 Animate Skeleton         Necr           N/A          96%         1    ##.....
 Apportation              Tloc           #.....       96%         1    ##.....
 Confusing Touch          Hex            #.....       96%         1    ##.....
 Corona                   Hex            #......      96%         1    ##.....
 Summon Small Mammal      Summ           #...         96%         1    ##.....
 Ensorcelled Hibernation  Hex/Ice        #.....       99%         2    ###....
 Confuse                  Hex            #.......     100%        3    ####...
 Dazzling Flash           Conj/Hex       #.....       100%        3    ####...
 Tukima's Dance           Hex            #.......     100%        3    ####...


Dungeon Overview and Level Annotations

Branches:
Dungeon (9/15)             Temple (0/1) D:4            Lair (4/6) D:9
 Shoals (0/4) Lair:3          Orc (0/2) D:9         Ossuary (visited)
  Snake: Lair:2-4    Spider: Lair:2-4

Altars:
Ashenzari
Elyvilon
Hepliaklqana
Kikubaaqudgha
Makhleb
Okawaru
Qazlal
Ru
Trog
Uskayaw
Xom
Yredelemnul

Shops:
D:8 (

Annotations:
D:3 Jessica
Lair:3 2 transporters, Raiwk's ghost, journeyman DrAE
Lair:4 Nergalle
Abyss:1 Duvessa


Innate Abilities, Weirdness & Mutations

You have hooves in place of feet.
Armour fits poorly on your strangely shaped body.
You cover ground very quickly.
You have extremely tough skin. (AC +3)
You tend to lose your temper in combat.
Your flesh is cold resistant. (rC+)
You are robust. (+10% HP)


Message History

Nergalle hits you but does no damage.
You closely miss Nergalle. Your kick misses Nergalle.
Nergalle is almost dead.
You slash the spectral orc warlord! You freeze the spectral orc warlord.
You hit the spectral orc warrior but do no damage.
The spectral orc warrior closely misses you.
The spectral orc warlord hits you with a +0 long sword of freezing.
You feel drained.
* * * LOW HITPOINT WARNING * * *
You block the spectral orc warrior's attack.
Nergalle casts a spell at you. The bolt of negative energy hits you!!
You feel drained.
* * * LOW HITPOINT WARNING * * *
You block the spectral orc warrior's attack.
You feel better.
The spectral orc warrior hits you with a +0 dire flail!
* * * LOW HITPOINT WARNING * * *
The spectral orc warlord barely misses you.
The spectral orc warrior hits you from afar with a +0 halberd!
You die...

#.+# ..# .# #...# #..##
#.###.#.## ##.+..#
...<.....# ......#
#.........### .......
#...........### ......#
..............P##o.....#
#..............#@Z.<....
#........#.#.Z.+Z.....#
#.......)#######.(.....
#........# .......
#...#..P# #$.+##.
#.....#### #..
###.#'#..# +.#
#.......## ..
##......#####


You could see Nergalle, 2 spectral orc warriors and a spectral orc warlord.

Vanquished Creatures
  Pikel (D:9)
  A black mamba (Lair:1)
  2 rime drakes (Lair:2)
  3 spiny frogs (Lair:2)
  A komodo dragon (Lair:1)
  A troll (D:9)
  5 blink frogs
  2 hippogriffs
  4 hogs (D:7)
  2 wyverns
  11 yaks
  A basilisk (Lair:1)
  A human (D:8)
  Menkaure (D:7)
  Edmund (D:6)
  5 water moccasins
  5 porcupines
  4 orc warriors
  A phantom (D:4)
  A sky beast (D:6)
  3 ogres
  7 wolves
  3 centaurs
  8 crocodiles
  An elf zombie (Ossuary)
  2 big kobolds
  3 bullfrogs
  A wyvern skeleton (D:6)
  Dowan (D:5)
  A scorpion (D:9)
  8 wights
  An electric eel (Lair:1)
  2 howler monkeys (D:8)
  A bullfrog zombie (D:9)
  A crimson imp (D:5)
  3 centaur zombies (Ossuary)
  4 hounds
  5 orc priests
  2 human zombies (Ossuary)
  2 centaur skeletons
  An iron imp (D:4)
  A jelly (D:8)
  6 orc wizards
  2 bullfrog skeletons
  3 gnoll shamans (D:3)
  An iguana (D:5)
  2 worker ants (D:5)
  2 hound zombies
  A hound skeleton (D:6)
  3 mummies (Ossuary)
  Robin (D:3)
  35 gnolls
  A howler monkey skeleton (D:4)
  17 adders
  7 river rats (D:9)
  2 adder zombies (Ossuary)
  An adder skeleton (D:8)
  5 worms
  2 dart slugs (D:2)
  5 leopard geckos
  40 orcs
  8 bats
  8 giant cockroaches
  14 goblins
  12 hobgoblins
  15 jackals
  4 quokkas
  A ball python (D:3)
  5 frilled lizards
  2 gnoll zombies (Ossuary)
  3 goblin zombies (Ossuary)
  3 hobgoblin zombies (Ossuary)
  2 jackal zombies (Ossuary)
  16 kobolds
  3 kobold zombies (Ossuary)
  2 orc zombies (Ossuary)
  6 quokka zombies (Ossuary)
  21 rats
  6 rat zombies (Ossuary)
381 creatures vanquished.

Vanquished Creatures (others)
  A hydra (Lair:2)
  2 komodo dragons
  A basilisk (Lair:1)
  An orc warrior (D:9)
  A wolf (Lair:2)
  A fungus (Lair:1)
  3 plants (Lair:1)
10 creatures vanquished.

Grand Total: 391 creatures vanquished

Notes
Turn   | Place    | Note
-------+----------+-------------------------------------------
     0 | Abyss:1  | Gargoyl the Centaur Abyssal Knight began the quest for the
                  | Orb.
     0 | Abyss:1  | Reached XP level 1. HP: 19/19 MP: 2/2
    40 | Abyss:1  | Found a corrupted altar of Lugonu.
   105 | Abyss:1  | Noticed an ice beast
   142 | Abyss:1  | Noticed a lich
   142 | Abyss:1  | Paralysed by a lich for 7 turns
   160 | D:1      | Escaped the Abyss
   384 | D:1      | Reached * piety under Lugonu
   396 | D:1      | Reached XP level 2. HP: 7/26 MP: 3/3
  1125 | D:2      | Reached XP level 3. HP: 19/31 MP: 4/4
  1895 | D:2      | Reached XP level 4. HP: 32/38 MP: 6/6
  2088 | D:3      | Reached ** piety under Lugonu
  2210 | D:2      | Reached skill level 3 in Invocations
  2250 | D:3      | Reached XP level 5. HP: 43/45 MP: 7/7
  2270 | D:3      | Noticed an orc warrior
  2904 | D:3      | Reached skill level 1 in Shields
  4214 | D:2      | Killed an orc warrior
  4214 | D:2      | Reached XP level 6. HP: 51/51 MP: 8/8
  4701 | D:3      | Reached skill level 4 in Invocations
  5265 | D:3      | Reached *** piety under Lugonu
  5287 | D:3      | Noticed Robin
  5298 | D:3      | Noticed Jessica
  5625 | D:3      | Reached XP level 7. HP: 57/58 MP: 10/10
  5786 | D:3      | Killed Robin
  6712 | D:3      | Reached **** piety under Lugonu
  7455 | D:4      | Reached XP level 8. HP: 60/66 MP: 11/11
  7575 | D:4      | Reached skill level 5 in Invocations
  7581 | D:4      | Got a jewelled scale mail
  7592 | D:4      | Identified the cursed +1 scale mail "Fagacae" {rPois Int+3
                  | Dex+2} (You found it on level 4 of the Dungeon)
  7662 | D:4      | Found a staircase to the Ecumenical Temple.
  7815 | D:4      | Found an iron altar of Okawaru.
  7825 | D:4      | Found an ancient bone altar of Kikubaaqudgha.
  8062 | D:4      | Found a burning altar of Makhleb.
  8115 | D:5      | Entered Level 5 of the Dungeon
  8122 | D:5      | Gained mutation: You have supernaturally acute eyesight.
                  | (SInv) [potion of mutation]
  8122 | D:5      | Gained mutation: You have a pair of small antennae on your
                  | head. [potion of mutation]
  8179 | D:5      | Reached skill level 5 in Axes
  8627 | D:5      | Noticed Duvessa
  8628 | D:5      | Noticed Dowan
  8641 | D:5      | Killed Dowan
  8652 | D:5      | Banished Duvessa
  8788 | D:5      | Reached skill level 1 in Dodging
  9385 | D:6      | Noticed Edmund
  9391 | D:6      | Killed Edmund
  9419 | D:6      | Found a stormy altar of Qazlal.
 10091 | D:6      | Reached XP level 9. HP: 50/72 MP: 13/13
 10317 | D:6      | Found a shattered altar of Ashenzari.
 10677 | D:7      | Reached skill level 5 in Armour
 11149 | D:7      | Noticed Menkaure
 11156 | D:7      | Killed Menkaure
 11585 | D:7      | Found a white marble altar of Elyvilon.
 11595 | D:7      | Found a bloodstained altar of Trog.
 11872 | D:7      | Found a sacrificial altar of Ru.
 11922 | D:7      | Found a basalt altar of Yredelemnul.
 12505 | D:8      | Found a sand-covered staircase.
 12510 | Ossuary  | Entered an ossuary
 12810 | Ossuary  | Reached skill level 6 in Invocations
 12909 | Ossuary  | Reached ***** piety under Lugonu
 13925 | D:9      | Reached skill level 5 in Fighting
 14555 | D:8      | Reached XP level 10. HP: 81/81 MP: 14/14
 15350 | D:8      | Found a basalt altar of Yredelemnul.
 15352 | D:8      | Found a stormy altar of Qazlal.
 15352 | D:8      | Found a hazy altar of Hepliaklqana.
 15354 | D:8      | Found a shimmering altar of Xom.
 15354 | D:8      | Found an ancient bone altar of Kikubaaqudgha.
 15354 | D:8      | Found a hide-covered altar of Uskayaw.
 15498 | D:8      | Found Ruohysoh's Weapon Emporium.
 15559 | D:9      | Reached skill level 7 in Invocations
 16280 | D:9      | Noticed Pikel
 16305 | D:9      | Killed Pikel
 16647 | D:9      | Found a staircase to the Orcish Mines.
 16966 | D:9      | Found a staircase to the Lair.
 17168 | Lair:1   | Entered Level 1 of the Lair of Beasts
 17213 | Lair:1   | Reached skill level 5 in Shields
 17640 | Lair:1   | Lost mutation: You have supernaturally acute eyesight.
                  | (SInv) [potion of mutation]
 17640 | Lair:1   | Lost mutation: You have a pair of small antennae on your
                  | head. [potion of mutation]
 17640 | Lair:1   | Gained mutation: You are clumsy. (Dex -2) [potion of
                  | mutation]
 17640 | Lair:1   | Gained mutation: Your spells are a little easier to cast,
                  | but a little less powerful. [potion of mutation]
 17640 | Lair:1   | Gained mutation: Your flesh is cold resistant. (rC+)
                  | [potion of mutation]
 18332 | Lair:1   | Reached XP level 11. HP: 55/89 MP: 16/16
 19043 | Lair:1   | Reached skill level 8 in Invocations
 19102 | Lair:1   | Reached skill level 1 in Evocations
 20989 | Lair:2   | Reached skill level 1 in Throwing
 21620 | Lair:2   | Noticed a five-headed hydra
 21625 | Lair:2   | Banished a five-headed hydra
 22611 | Lair:2   | Reached skill level 9 in Invocations
 23175 | Lair:3   | Found a shattered altar of Ashenzari.
 23419 | Lair:3   | Found a staircase to the Shoals.
 23464 | Lair:3   | Noticed Raiwk's ghost (journeyman DrAE)
 23470 | Lair:3   | Found a transporter.
 23504 | Lair:3   | Found a transporter.
 23613 | Lair:3   | Lost mutation: You are clumsy. (Dex -2) [potion of
                  | mutation]
 23613 | Lair:3   | Lost mutation: Your spells are a little easier to cast, but
                  | a little less powerful. [potion of mutation]
 23613 | Lair:3   | Gained mutation: You tend to lose your temper in combat.
                  | [potion of mutation]
 23613 | Lair:3   | Gained mutation: You are robust. (+10% HP) [potion of
                  | mutation]
 24282 | Lair:4   | Noticed Nergalle
 24299 | Lair:4   | Noticed a spectral orc warlord
 24308 | Lair:4   | HP: 3/100 [Nergalle/bolt of negative energy (27)]
 24309 | Lair:4   | Slain by a spectral orc warrior

Levels and vault maps discovered:
D:1:      lightli_arrival_boilingwater, layout_loops_ring, minmay_misc_feat_tiny
D:2:      layout_basic, serial_curves, eino_curves_02, eino_curves_02
D:3:      lemuel_castle_with_subvaults [lemuel_castle_interior_carwin_1],
          layout_basic, uniq_robin, uniq_jessica
D:4:      layout_basic, kennysheep_little_box, kennysheep_mini,
          makhleb_grotto_becter, minmay_temple_entry_proselytizer, first_ration
D:5:      layout_cave_pools, uniq_duvessa
D:6:      layout_layer_cave, grunt_qazlal_sundering,
          cheibrodos_ashenzari_chains, uniq_edmund
D:7:      layout_basic, nicolae_overflow_hidden_temple,
          amethyst_overflow_temple_binary, basic_altar, uniq_menkaure
D:8:      layout_cave_pools, doesnt_xom_only_xom, enter_ossuary_5, special_room
          [special_room_orc], serial_shops, kennysheep_mini_moat,
          grunt_livestock
D:9:      layout_basic, lair_entry_dummy, orc_0_dummy, minmay_tree_intersection,
          dk_rats_in_the_wall, uniq_pikel
Lair:1:   layout_roguey, serial_bayou_pond_c, grunt_megastairs_1,
          serial_bayou_shore_a
Lair:2:   layout_hall_layers
Lair:3:   layout_cave_pods, elwin_shoals_entry_rocks, basic_altar,
          gammafunk_ghost_berserking_beasts
Lair:4:   layout_roguey, minmay_snake_entry_guardpost_small,
          gammafunk_ghost_wrathful_warriors, eino_house_with_fridge,
          minmay_lair_oklob_chamber, serial_bayou_shore_b, uniq_nergalle,
          uniq_sonja

Skill      XL: |  1  2  3  4  5  6  7  8  9 10 11 |
---------------+----------------------------------+-----
Axes           | 2 3 4 5 6 7 8 |  8.7
Armour         | 2 3 4 6 7 8 |  8.0
Invocations    | 3 4 5 6 7 9 |  9.1
Shields        | 1 2 3 4 5 6 |  6.2
Fighting       | 4 5 6 |  6.5
Dodging        | 1 2 |  2.5
Evocations     | 1 |  1.0
Throwing       | 2 |  2.0

Action                   |  1- 3 |  4- 6 |  7- 9 | 10-12 || total
-------------------------+-------+-------+-------+-------++-------
Melee: Hand axe          |    95 |   283 |   356 |       ||   734
       Kick              |    16 |    58 |   174 |   109 ||   357
       War axe           |       |       |   254 |   449 ||   703
Throw: Boomerang         |       |       |       |    40 ||    40
Invok: Depart the Abyss  |     1 |       |       |       ||     1
       Banish            |       |       |     1 |     7 ||     8
       Bend Space        |       |       |       |     1 ||     1
Evoke: Wand              |       |     3 |     6 |     3 ||    12
  Use: Potion            |     2 |     2 |     5 |     4 ||    13
       Scroll            |     6 |     3 |    12 |    10 ||    31
  Eat: Chunk             |     2 |    10 |    18 |    17 ||    47
       Ration            |       |       |     3 |     3 ||     6
Armor: Leather armour    |    24 |       |       |       ||    24
       Chain mail        |    36 |   115 |       |       ||   151
       Plate armour      |       |    60 |   119 |       ||   179
       Scale mail        |       |       |   191 |   142 ||   333
       Skin              |       |       |    13 |       ||    13
Dodge: Dodged            |    22 |     8 |    82 |   104 ||   216
Block: Shield            |    39 |   102 |   278 |   219 ||   638

Table legend:
 A = Non-vault XP
 B = Vault XP
 C = Vault XP percentage of total XP
 D = Non-vault monster count
 E = Vault monster count
 F = Vault count percentage of total count
                 A         B        C        D         E       F
            +---------+---------+-------+---------+---------+-------
      Total |   15701 |    4142 |  20.9 |     228 |     160 |  41.2
            +---------+---------+-------+---------+---------+-------
        D:1 |      25 |       0 |   0.0 |      16 |       0 |   0.0
        D:2 |     274 |       0 |   0.0 |      29 |       0 |   0.0
        D:3 |     318 |     626 |  66.3 |      35 |      59 |  62.8
        D:4 |     448 |     127 |  22.1 |      19 |       5 |  20.8
        D:5 |     348 |     160 |  31.5 |      14 |       2 |  12.5
        D:6 |     340 |     154 |  31.2 |       4 |       1 |  20.0
        D:7 |     391 |     974 |  71.4 |      10 |       5 |  33.3
        D:8 |    1163 |     402 |  25.7 |      24 |      21 |  46.7
        D:9 |    1504 |    1021 |  40.4 |      23 |      26 |  53.1
     Lair:1 |    5878 |     246 |   4.0 |      30 |       2 |   6.2
     Lair:2 |    4263 |       0 |   0.0 |      18 |       0 |   0.0
     Lair:3 |     749 |       0 |   0.0 |       6 |       0 |   0.0
    Ossuary |       0 |     432 | 100.0 |       0 |      39 | 100.0
            +---------+---------+-------+---------+---------+-------
